Map: Heavy Artillery LE

Players

Vinkers

  • Race: Protoss Protoss
  • Spawn Location: 7:00

aNDy

  • Race: Terran Terran
  • Spawn Location: 7:00

Arthas

  • Race: Zerg Zerg
  • Spawn Location: 1:00

Ivadios

  • Race: Terran Terran
  • Spawn Location: 3:00

VOD

Have the link to the VOD?

Description

Time

  • Played on: June 12, 2020, 2:51 p.m.
  • Length: 15:52
Show
View Real Time Build Order
Export as new Build Order

Vinkers Protoss 

Build Orders: Blink Stalkers 

Get SALT Encoding   

  12  0:01  Probe  
  13  0:13  Pylon  
  13  0:20  Probe  
  14  0:32  Probe  
  14  0:34  Gateway  
  15  0:41  Probe  
  15  0:42  Assimilator  
  15  0:49  Probe  
  17  0:59  Probe  
  17  1:04  Assimilator  
  18  1:11  Probe  
  19  1:23  Probe  
  19  1:24  Cybernetics Core  
  19  1:25  Pylon  
  20  1:35  Probe  
  21  1:51  Warp Gate  
  21  2:08  Twilight Council  
  21  2:10  Gateway  
  21  2:11  Gateway  
  21  2:14  Stalker  
  23  2:20  Probe  
  24  2:37  Blink  
  24  2:51  Stalker  
  26  2:59  Stalker  
  28  3:40  Stalker  
  30  3:47  Pylon  
  30  3:48  Pylon  
  30  3:50  Probe  
  31  4:08  Stalker x2  
  31  4:09  Stalker  
  37  4:30  Robotics Facility  
  37  4:33  Stalker x2  
  37  4:34  Stalker  
  41  5:07  Pylon  
  39  5:33  Stalker x3  
  35  6:00  Stalker x3  
  29  6:32  Nexus  
  29  6:34  Warp Prism  
  29  6:35  Stalker x2  
  29  6:36  Stalker  
  37  6:40  Nexus  
  37  6:44  Pylon  
  37  6:47  Probe  
  38  6:55  Probe  
  39  7:03  Probe  
  39  7:07  Stalker x2  
  44  7:10  Sentry  
  46  7:59  Probe x3  
  49  8:06  Immortal  
  49  8:11  Probe x3  
  56  8:14  Forge  
  56  8:16  Forge  
  56  8:20  Robotics Facility  
  56  8:27  Stalker  
  56  8:33  Stalker  
  60  8:39  Probe x3  
  60  8:41  Protoss Ground Weapons Level 1  
  63  8:48  Probe x2  
  63  8:50  Probe  
  66  8:56  Probe x2  
  66  8:58  Probe  
  66  9:01  Assimilator  
  69  9:05  Assimilator  
  69  9:16  Probe x3  
  72  9:24  Zealot x2  
  72  9:27  Sentry  
  72  9:28  Probe x2  
  80  9:34  Pylon  
  80  9:39  Probe  
  80  9:40  Probe x2  
  80  9:42  Protoss Ground Armor Level 1  
  83  9:48  Immortal  
  83  9:51  Probe, Pylon  
  83  9:52  Probe  
  89  9:53  Probe  
  76  10:38  Stalker x3  
  58  10:58  Probe x3  
  58  10:59  Immortal  
  58  11:00  Immortal  
  58  11:01  Protoss Ground Weapons Level 2  
  69  11:08  Probe x2  
  69  11:09  Probe  
  71  11:12  Robotics Bay  
  71  11:14  Pylon  
  71  11:16  Probe, Pylon  
  71  11:17  Probe x2  
  72  11:20  Assimilator  
  72  11:22  Assimilator  
  74  11:25  Probe  
  74  11:30  Immortal, Stalker x2  
  74  11:32  Immortal  
  79  11:34  Gateway  
  79  11:35  Gateway  
  79  11:36  Gateway  
  79  11:37  Probe  
  84  11:45  Pylon  
  88  11:47  Pylon  
  88  11:50  Probe x3  
  88  11:52  Protoss Ground Armor Level 2  
  91  11:55  Photon Cannon  
  91  11:56  Photon Cannon  
  91  11:59  Photon Cannon  
  91  12:16  Probe  
  91  12:17  Probe  
  93  12:28  Stalker x3  
  99  12:30  Nexus  
  97  12:54  Extended Thermal Lance  
  93  13:03  Colossus x2, Charge  
  93  13:08  Stalker x5  
  93  13:09  Stalker  
  117  13:31  Gateway  
  117  13:32  Probe x3  
  117  13:33  Gateway  
  120  13:34  Gateway  
  120  13:38  Protoss Shields Level 1  
  120  13:44  Probe x3  
  120  13:45  Pylon  
  120  13:48  Colossus, Pylon  
  123  13:49  Colossus  
  123  13:52  Pylon  
  123  13:53  Stalker x2  
  123  13:54  Assimilator, Zealot x4  
  135  13:56  Assimilator  
  135  14:08  Pylon  
  147  14:10  Pylon  
  143  14:19  Stalker  
  143  14:20  Stalker x5  
  155  14:37  Zealot x2  
  155  14:38  Zealot  
  161  14:43  Zealot x2  
  161  14:44  Zealot x4  
  173  14:50  Colossus  
  179  14:56  Pylon  
  179  14:59  Pylon  
  179  15:01  Probe, Pylon  
  180  15:14  Probe  
  180  15:19  Probe  
  180  15:20  Probe x2  
  190  15:22  Zealot  
  190  15:24  Zealot x4  
Show
View Real Time Build Order
Export as new Build Order

aNDy Terran 

Build Orders:  

Get SALT Encoding   

  12  0:01  SCV  
  13  0:13  SCV  
  14  0:18  Supply Depot  
  14  0:25  SCV  
  15  0:39  SCV  
  15  0:42  Supply Depot  
  16  0:52  SCV  
  17  1:02  Barracks  
  17  1:04  SCV  
  18  1:12  Barracks  
  18  1:16  SCV  
  19  1:22  Supply Depot  
  19  1:48  Orbital Command  
  19  1:51  Marine  
  19  1:53  Barracks  
  20  2:00  Marine  
  21  2:01  Barracks  
  21  2:09  Marine  
  22  2:17  Marine  
  23  2:26  Marine  
  24  2:35  Marine  
  25  2:44  Marine  
  25  2:46  Marine  
  25  2:48  Marine, Bunker  
  28  2:53  Marine  
  29  3:02  Marine  
  29  3:03  Marine  
  30  3:06  Marine  
  30  3:11  Marine  
  31  3:20  Marine  
  31  3:21  Marine  
  31  3:26  Marine  
  34  3:29  Marine  
  33  3:38  Marine  
  33  3:39  Marine  
  34  3:44  Marine  
  34  3:47  Marine  
  33  3:56  Marine  
  33  3:57  Marine  
  33  4:02  Marine  
  29  4:04  Marine  
  30  4:13  Marine  
  30  4:15  Marine  
  32  4:19  Marine  
  32  4:22  Marine  
  32  4:31  Bunker, Marine  
  32  4:32  Marine  
  32  4:37  Marine  
  35  4:39  Refinery  
  35  4:40  Marine, Command Center  
  36  4:49  Marine  
  36  4:50  Marine  
  35  4:55  Marine  
  35  4:58  Marine  
  32  5:07  Marine  
  32  5:08  Marine  
  32  5:13  Marine  
  31  5:16  Marine  
  29  5:25  Marine  
  29  5:26  Marine  
  30  5:31  Marine  
  30  5:33  Marine  
  29  5:42  Marine  
  29  5:44  Marine  
  29  5:48  Marine  
  31  5:51  Marine  
  28  6:00  Marine  
  28  6:01  Marine  
  27  6:06  Marine  
  27  6:09  Marine  
  28  6:11  SCV  
  28  6:18  Marine  
  29  6:19  Marine  
  29  6:24  Marine  
  32  6:27  Marine  
  33  6:36  Marine  
  33  6:37  Marine  
  35  6:42  SCV, Marine  
  35  6:43  Orbital Command  
  35  6:45  Marine  
  38  6:51  Refinery  
  38  6:54  SCV  
  38  6:55  Marine  
  38  6:59  Barracks Tech Lab  
  38  7:00  Marine  
  41  7:03  Barracks Tech Lab  
  41  7:06  SCV  
  42  7:11  SCV  
  42  7:13  Marine  
  44  7:17  Marine  
  44  7:18  SCV  
  44  7:19  Supply Depot  
  46  7:23  SCV, Marauder x2  
  46  7:25  Stimpack  
  51  7:31  SCV, Marine  
  51  7:35  Marine  
  54  7:41  SCV  
  54  7:42  Supply Depot  
  54  7:43  SCV  
  56  7:45  Marauder  
  56  7:46  Marauder  
  56  7:48  Marine  
  61  7:53  Marine  
  62  8:04  SCV x2  
  64  8:06  Marine, Marauder, Combat Shield, Supply Depot  
  64  8:08  Marauder  
  64  8:11  Marine  
  70  8:18  Refinery  
  70  8:27  SCV x2, Marine, Marauder  
  70  8:29  Marine x2, Supply Depot  
  77  8:39  SCV  
  78  8:50  SCV  
  78  8:51  SCV, Marauder x2  
  78  8:53  Refinery  
  84  8:59  Marine x2  
  86  9:23  Supply Depot  
  86  9:25  Concussive Shells  
  86  9:26  Supply Depot  
  86  9:37  Supply Depot  
  86  9:41  Bunker  
  86  9:44  SCV x2, Marine x2  
  90  9:46  Command Center  
  90  9:56  SCV x2  
  90  10:02  Marauder  
  90  10:06  Marine x2  
  85  10:07  Marauder  
  85  10:08  SCV x2  
  87  10:20  SCV  
  84  10:24  Marauder  
  65  10:29  Marine x2  
  65  10:30  Marauder  
  68  10:45  Marauder  
  68  10:47  Marine x2  
  70  10:51  Marine  
  63  11:05  Marine x2  
  63  11:06  Marine  
  63  11:08  SCV x2  
  63  11:09  Marine, Orbital Command  
  68  11:12  Factory  
  68  11:20  SCV x2  
  68  11:22  Marine  
  68  11:24  Marauder  
  70  11:26  Engineering Bay  
  70  11:27  Marauder  
  70  11:32  SCV x2  
  72  11:36  Marine  
  73  11:40  Marine  
  73  11:45  Marine  
  75  11:49  Marauder  
  75  11:52  Engineering Bay  
  78  11:54  SCV x3  
  78  11:58  Marine  
  81  12:01  Terran Infantry Weapons Level 1  
  81  12:03  Marauder  
  81  12:05  Starport  
  83  12:09  Marine  
  83  12:13  Barracks Reactor  
  83  12:16  Marine  
  83  12:19  Terran Infantry Armor Level 1  
  83  12:24  Starport  
  83  12:25  Marauder  
  83  12:28  Marauder  
  82  12:34  Marine  
  71  12:44  Medivac  
  71  12:46  Marauder  
  71  12:49  Marauder  
  77  12:51  Marine  
  74  13:05  Medivac  
  74  13:08  Marine x2, Marauder  
  74  13:10  Marauder  
  74  13:11  Barracks Reactor  
  82  13:14  Medivac  
  82  13:16  SCV x3  
  87  13:26  Marine x2, Factory Tech Lab  
  89  13:28  SCV x3, Marine  
  89  13:30  Armory  
  89  13:31  Marine  
  94  13:35  Starport, Medivac  
  96  13:44  Medivac  
  96  13:45  Refinery  
  96  13:47  Marauder  
  100  13:50  Marauder  
  100  13:54  Marine x2  
  104  13:55  Marine x2  
  106  14:03  Armory  
  106  14:05  Medivac  
  106  14:06  SCV x2  
  106  14:07  SCV, Starport  
  106  14:08  Marauder  
  113  14:11  Marauder  
  113  14:14  Refinery, Medivac  
  113  14:15  Marine x2  
  113  14:16  Marine x2  
  123  14:25  Starport Tech Lab  
  123  14:29  Fusion Core  
  123  14:30  Marauder  
  123  14:32  Marauder  
  125  14:49  Starport Tech Lab  
  125  14:52  Starport Reactor  
  125  14:54  Starport Tech Lab  
  125  14:58  Marine x4, Marauder x2  
  133  15:04  Supply Depot x2  
  133  15:15  Marine x2  
  133  15:19  Marauder  
  149  15:26  Marauder  
  149  15:27  Marine  
  149  15:28  Marine  
  153  15:30  Supply Depot  
  153  15:33  Supply Depot  
  161  15:45  Command Center  
Show
View Real Time Build Order
Export as new Build Order

Arthas Zerg 

Build Orders: Hatch First 

Get SALT Encoding   

  12  0:01  Drone  
  13  0:12  Overlord  
  13  0:18  Drone  
  14  0:32  Drone x2  
  14  0:34  Drone  
  17  0:54  Hatchery  
  17  0:56  Drone  
  17  0:59  Extractor  
  17  1:01  Drone  
  17  1:16  Spawning Pool  
  16  1:19  Drone  
  16  1:22  Drone  
  18  1:28  Drone  
  19  1:39  Overlord  
  19  2:00  Drone  
  19  2:01  Drone  
  21  2:05  Queen  
  23  2:08  Drone  
  23  2:09  Queen  
  23  2:14  Drone  
  27  2:19  Drone  
  29  2:22  Zergling x2  
  29  2:28  Overlord  
  29  2:38  Drone  
  30  2:48  Drone  
  30  2:49  Drone  
  30  2:50  Spore Crawler  
  31  2:53  Drone  
  31  2:54  Spore Crawler  
  31  3:04  Zergling x4  
  32  3:15  Overlord x2  
  32  3:28  Zergling x14  
  39  3:34  Baneling Nest  
  39  3:38  Zergling x2  
  39  3:43  Zergling x2  
  40  3:53  Metabolic Boost  
  37  3:56  Zergling x2  
  37  3:57  Zergling x8  
  39  4:12  Spine Crawler  
  38  4:27  Overlord  
  38  4:29  Drone x2  
  38  4:30  Drone x2  
  42  4:32  Extractor  
  42  4:34  Roach Warren  
  42  4:38  Baneling x5  
  40  4:39  Baneling x2  
  40  4:40  Zergling x2  
  40  4:41  Zergling x10  
  46  4:50  Zergling x2  
  46  4:51  Zergling x2  
  45  4:59  Zergling x4  
  44  5:00  Zergling x2  
  39  5:14  Roach  
  39  5:15  Roach x3  
  39  5:16  Zergling x6  
  47  5:23  Queen  
  47  5:27  Zergling x6  
  47  5:28  Zergling x4  
  37  5:36  Roach  
  28  5:55  Zergling x2  
  28  5:56  Zergling x10  
  29  6:08  Zergling x8  
  30  6:13  Drone  
  26  6:37  Drone  
  26  6:38  Drone x7  
  34  6:59  Drone x4  
  34  7:00  Drone x2  
  40  7:13  Queen, Drone  
  43  7:28  Baneling x3  
  43  7:34  Drone x6  
  49  7:48  Burrow  
  49  7:51  Baneling  
  49  7:58  Baneling  
  49  7:59  Baneling  
  51  8:12  Roach  
  51  8:13  Roach x2  
  51  8:16  Drone x3  
  58  8:20  Extractor  
  58  8:24  Roach  
  58  8:25  Roach  
  61  8:35  Drone x2  
  61  8:36  Drone x2  
  61  8:39  Drone x2  
  67  8:47  Overlord x2  
  67  9:03  Baneling x4  
  67  9:31  Roach  
  67  9:32  Roach x7  
  67  9:33  Overlord x3  
  67  9:36  Lair  
  83  9:50  Baneling x2  
  77  10:05  Baneling x3  
  77  10:06  Baneling  
  66  10:12  Roach  
  66  10:13  Roach x11  
  76  10:31  Roach x2  
  74  10:42  Roach x2  
  67  11:02  Roach  
  67  11:03  Roach x3  
  67  11:04  Queen  
  75  11:23  Roach  
  75  11:24  Roach x5  
  81  11:37  Ravager x2  
  81  11:38  Ravager x2  
  81  11:39  Ravager x2  
  87  11:40  Roach  
  87  11:41  Roach x2  
  93  11:56  Hatchery  
  93  12:00  Ravager  
  93  12:01  Roach x4  
  101  12:10  Zergling x2  
  83  12:43  Roach  
  83  12:44  Roach x8  
  99  12:46  Glial Reconstitution  
  70  13:00  Roach x4  
  78  13:08  Roach  
  78  13:09  Roach x2  
  78  13:11  Zergling x2  
  85  13:26  Roach  
  95  13:27  Roach x4  
  95  13:36  Roach x5  
  105  13:58  Infestation Pit  
  104  14:11  Hatchery  
  103  14:22  Ravager x5  
  108  14:24  Overlord x3  
  108  14:25  Overlord x2  
  108  14:34  Pathogen Glands  
  108  14:44  Roach  
  108  14:45  Roach x10  
  130  15:04  Queen  
  132  15:14  Roach x8  
  148  15:23  Overlord  
  148  15:35  Spore Crawler  
Show
View Real Time Build Order
Export as new Build Order

Ivadios Terran 

Build Orders:  

Get SALT Encoding   

  12  0:02  SCV  
  13  0:28  Supply Depot  
  13  0:42  SCV  
  14  0:45  Supply Depot  
  14  0:51  Supply Depot  
  14  0:54  SCV  
  15  1:07  Barracks  
  15  1:39  Barracks  
  15  1:43  SCV  
  16  1:56  Barracks  
  16  2:00  Marine  
  17  2:04  Orbital Command  
  17  2:18  Marine  
  18  2:26  Barracks  
  18  2:34  SCV  
  18  2:36  Marine  
  20  2:45  Barracks  
  20  2:46  SCV  
  21  2:54  Marine x3  
  21  2:58  SCV  
  25  3:11  Marine  
  25  3:12  Marine x2  
  25  3:25  Marine  
  23  3:29  Marine x3  
  23  3:42  Marine  
  23  3:47  Marine x3  
  23  3:56  Supply Depot  
  23  4:16  Marine  
  23  4:18  Marine x3  
  23  4:19  Supply Depot  
  25  4:25  Marine  
  26  4:34  Marine  
  26  4:35  Marine x3  
  30  4:42  Marine  
  30  4:43  Supply Depot  
  29  4:52  Marine  
  26  4:53  Marine  
  25  5:06  Supply Depot  
  19  5:22  Marine x4  
  19  5:23  Marine  
  24  5:40  Marine x5  
  25  5:57  Marine  
  25  5:58  Marine x4  
  28  6:15  Marine x2  
  28  6:16  Marine x3  
  33  6:31  Bunker  
  32  6:33  Marine  
  32  6:36  Marine x3  
  32  6:37  Marine  
  37  6:51  Marine  
  38  6:54  Marine x4  
  38  6:56  Refinery  
  42  7:02  Refinery  
  42  7:09  Marine  
  43  8:14  Marine  
  43  8:15  Marine x3  
  47  8:25  Supply Depot  
  47  8:29  Supply Depot  
  47  8:47  Marine x5  
  52  8:49  Supply Depot  
  52  8:53  Supply Depot  
  52  9:04  Marine x4  
  52  9:05  Marine  
  57  9:18  Supply Depot  
  57  9:22  Marine x5  
  62  9:40  Marine x5  
  67  9:47  Engineering Bay  
  67  9:58  Marine  
  58  10:15  Engineering Bay  
  27  10:37  Marine x4  
  27  10:38  Marine  
  24  10:51  Terran Infantry Weapons Level 1  
  24  10:55  Terran Infantry Armor Level 1, Marine x5  
  29  11:13  Marine x5  
  24  11:58  Marine x5  
  29  12:15  Marine  
  29  12:16  Marine x4  
  31  12:33  Marine x2  
  31  12:34  Marine x3  
  34  12:51  Marine x3  
  34  12:52  Marine x2  
  35  13:09  Marine x5  
  40  13:31  Barracks Reactor x3  
  40  13:32  Barracks Reactor x2  
  40  14:19  Factory  
  40  14:25  Marine x5  
  40  14:26  Marine x5  
  50  14:43  Marine x6  
  50  14:44  Marine x4  
  60  15:00  Marine  
  60  15:01  Marine x6  
  60  15:02  Marine x3  
  70  15:18  Marine  
Tags
 
Add a new tag
Caveats
  • Supply blocks, unpowered buildings, or Contaminate may cause inaccurate times.
  • Supply counts are checked every 10 seconds.